 Dungeon Crawl Stone Soup version 0.30.0-29-ga12c61a403 (webtiles) character file.

Game seed: 970250920282216131

1216 ChadusMaximus the Chopper (level 8, -12/70 HPs)
             Began as a Minotaur Fighter on June 11, 2023.
             Was a Believer of Okawaru.
             Mangled by Duvessa
             ... wielding a +2 short sword of venom
              (17 damage)
             ... on level 6 of the Dungeon.
             The game lasted 00:05:29 (5812 turns).

ChadusMaximus the Chopper (Minotaur Fighter)        Turns: 5812, Time: 00:05:30

Health: -12/70     AC: 11    Str: 22    XL:     8   Next: 22%
Magic:  7/8        EV:  8    Int:  5    God:    Okawaru [**....]
Gold:   378        SH:  5    Dex: 11    Spells: 7/7 levels left

rFire   . . .        a - +0 war axe
rCold   . . .        c - +0 buckler
rNeg    . . .        m - +1 chain mail {Will+}
rPois   .            (helmet restricted)
rElec   .            (no cloak)
rCorr   .            (no gloves)
SInv    .            (no boots)
Will    .....        (no amulet) Stlth
                     (no ring)
HPRegen 0.31/turn    (no ring)
MPRegen 0.11/turn

%: no passive effects
@: lethally poisoned (-12 -> -25), silenced, weak-willed, hasted, studying
Throwing, very quick
A: horns 2, retaliatory headbutt
a: Renounce Religion


You were on level 6 of the Dungeon.
You worshipped Okawaru.
Okawaru was pleased with you.
You visited 1 branch of the dungeon, and saw 6 of its levels.
You also visited: Sewer.

You collected 378 gold pieces.

Inventory:

Hand Weapons
 a - a +0 war axe (weapon)
Armour
 b - a +0 scale mail
 c - a +0 buckler (worn)
 m - a +1 chain mail of willpower (worn)
Jewellery
 y - an amulet of the acrobat
Wands
 A - a wand of polymorph (13)
 C - a wand of quicksilver (3)
Scrolls
 e - a scroll of butterflies {unknown}
 f - 3 scrolls of vulnerability
 g - a scroll of poison {unknown}
 k - a scroll of noise
 n - a scroll of fear {unknown}
 p - 2 scrolls of brand weapon {unknown}
 q - a scroll of silence
 r - a scroll of blinking
 t - 2 scrolls of teleportation {unknown}
 u - a scroll of torment {unknown}
 w - a scroll of enchant weapon {unknown}
 B - a scroll of identify {unknown}
Potions
 d - 3 potions of might
 h - a potion of lignification {unknown}
 i - 2 potions of resistance {unknown}
 j - 3 potions of curing
 l - 3 potions of haste
 o - 2 potions of berserk rage {unknown}
 s - 5 potions of heal wounds {unknown}
 v - 5 potions of mutation {unknown}
 x - a potion of invisibility {unknown}
 z - a potion of experience {unknown}


   Skills:
 + Level 6.2 Fighting
 + Level 7.6 Axes
 + Level 6.3 Armour
 + Level 6.4 Shields
 * Level 1.6 Invocations


You had 7 spell levels left.
You didn't know any spells.
Your spell library contained the following spells:

 Spells                   Type           Power      Damage    Failure   Level
 Freeze                   Ice            0%         1d3       98%         1
 Blink                    Tloc           0%         N/A       99%         2
 Lesser Beckoning         Tloc           0%         N/A       99%         2
 Momentum Strike          Conj/Tloc      0%         3d8       99%         2
 Frozen Ramparts          Ice            0%         1d1       100%        3
 Hailstorm                Conj/Ice       0%         3d3       100%        3


Dungeon Overview and Level Annotations

Branches:
Dungeon (6/15)             Temple (0/1) D:4           Sewer (visited)

Altars:
Kikubaaqudgha
Okawaru
Vehumet

Annotations:
D:6 Duvessa


Innate Abilities, Weirdness & Mutations

You have a pair of horns on your head.
You reflexively headbutt those who attack you in melee.


Message History

You feel better. The orc wizard barely misses you. You block the orc's attack.
Something hits you but does no damage.
As you read the scroll labelled JOWUIS YSSON, it crumbles to dust.
A profound silence engulfs you.
It was a scroll of silence.
Duvessa rages.
The orc hits you but does no damage. You block the orc's attack.
Something hits you but does no damage. The orc wizard barely misses you.
Magic scrolls do not work when you're silenced!
You block Duvessa's attack.
The orc wizard hits you but does no damage.
You feel better.
Duvessa hits you with a +2 short sword of venom.
* * * LOW HITPOINT WARNING * * *
You are poisoned.
You slash Duvessa!
Duvessa is moderately wounded.
You barely miss the orc wizard. You slash the orc!
You kill the orc!
Okawaru accepts your kill.
You feel like a meek peon again.
You feel sick.
Duvessa hits you with a +2 short sword of venom!
* * * LOW HITPOINT WARNING * * *
You are lethally poisoned!
Duvessa completely misses you.
You feel better.
Duvessa hits you with a +2 short sword of venom.
* * * LOW HITPOINT WARNING * * *
You are poisoned.
You block the orc's attack. The orc wizard closely misses you.
Something hits you but does no damage.
It was a potion of haste.
You feel yourself speed up.
* * * LOW HITPOINT WARNING * * *
You feel sick.
Duvessa hits you with a +2 short sword of venom.
* * * LOW HITPOINT WARNING * * *
You are more poisoned.
The orc barely misses you.
Duvessa hits you with a +2 short sword of venom!
You die...

###### #....# #....##########
#.{..+........#
#@e..########.####
#oo............[.#
#.ooo..######.#.##.#
#..Y........o.#....#
.......######..#.####
.........####...#.>..#
....#...........+......#.##.#
....#....[......####......#.#
.......##......#...........#


You could see Duvessa (berserk, weak-willed), an ice beast, 2 orc wizards and 3
orcs.

Vanquished Creatures
  A water moccasin (D:6)
  2 black bears
  3 ogres
  2 kobold brigands (Sewer)
  Dowan (D:6)
  2 jellies (D:5)
  2 hounds
  A sleepcap (D:5)
  Terence (D:2)
  2 iguanas (D:5)
  3 gnolls (D:3)
  7 adders
  2 river rats (D:4)
  A shadow imp (D:5)
  A white imp (D:6)
  An ufetubus (D:5)
  A worm (D:4)
  2 dart slugs
  11 orcs
  6 bats
  8 endoplasms
  8 giant cockroaches
  10 goblins
  10 hobgoblins
  6 jackals
  13 kobolds
  7 quokkas
  11 ball pythons
  7 frilled lizards
  8 rats
140 creatures vanquished.

Notes
Turn   | Place    | Note
-------+----------+-------------------------------------------
     0 | D:1      | ChadusMaximus the Minotaur Fighter began the quest for the
                  | Orb.
     0 | D:1      | Reached XP level 1. HP: 19/19 MP: 0/0
   206 | D:1      | Reached XP level 2. HP: 24/27 MP: 1/1
   275 | D:1      | Reached skill level 3 in Axes
   729 | D:1      | Reached XP level 3. HP: 33/33 MP: 2/2
   925 | D:2      | Noticed Terence
   937 | D:2      | Killed Terence
   938 | D:2      | Reached XP level 4. HP: 25/40 MP: 3/3
  1139 | D:2      | Reached skill level 4 in Axes
  1303 | D:2      | You fall into a shaft and drop 1 floor!
  1475 | D:3      | Found a faded altar of an unknown god.
  1718 | D:3      | Reached XP level 5. HP: 5/47 MP: 4/4
  2294 | D:3      | Found an iron altar of Okawaru.
  2500 | D:3      | Became a worshipper of Warmaster Okawaru
  2871 | D:4      | Noticed an ogre
  2875 | D:4      | Killed an ogre
  2876 | D:4      | Reached skill level 5 in Axes
  2906 | D:4      | Found a staircase to the Ecumenical Temple.
  2938 | D:4      | Found an ancient bone altar of Kikubaaqudgha.
  3012 | D:4      | Reached XP level 6. HP: 55/55 MP: 5/5
  3407 | D:4      | Reached * piety under Okawaru
  3408 | D:4      | Reached skill level 5 in Fighting
  3408 | D:4      | Reached skill level 5 in Armour
  3408 | D:4      | Reached skill level 5 in Shields
  3434 | D:4      | Found a glowing drain.
  3438 | Sewer    | Entered a sewer
  3671 | Sewer    | Reached skill level 6 in Axes
  3769 | Sewer    | Reached XP level 7. HP: 25/61 MP: 6/6
  4607 | D:5      | Entered Level 5 of the Dungeon
  4741 | D:5      | Reached ** piety under Okawaru
  4781 | D:5      | Reached skill level 7 in Axes
  4972 | D:5      | Found a radiant altar of Vehumet.
  4979 | D:5      | Reached XP level 8. HP: 65/70 MP: 7/7
  5307 | D:6      | Noticed Dowan
  5312 | D:6      | Reached skill level 1 in Invocations
  5596 | D:6      | Killed Dowan
  5796 | D:6      | Noticed Duvessa
  5805 | D:6      | HP: 2/70 [poisoned by Duvessa]
  5812 | D:6      | Mangled by Duvessa

Illustrated notes

Levels and vault maps discovered:
D:1:      dpeg_arrival_long_road, layout_basic
D:2:      layout_loops_ring, uniq_terence
D:3:      minmay_door_path, layout_basic, marbit_many_paths,
          shapermc_ecumenical_altar_venn, minivault_25,
          kennysheep_generic_room_10
D:4:      layout_layer_cave, mainiacjoe_overflow_concentric_impassable,
          minmay_temple_entry_slanted, gup_sewer_entry_bowl
D:5:      layout_cave_pools, nicolae_vehumet_radiance
D:6:      layout_basic, kennysheep_mini_moat, uniq_duvessa, uniq_maggie

Skill      XL: |  1  2  3  4  5  6  7  8 |
---------------+-------------------------+-----
Axes           | 3 4 5 6 7 |  7.6
Shields        | 4 5 6 |  6.4
Fighting       | 4 5 6 |  6.2
Armour         | 4 5 6 |  6.3
Invocations    | 1 |  1.6

Action                     |  1- 3 |  4- 6 |  7- 9 || total
---------------------------+-------+-------+-------++-------
  Melee: War axe           |    88 |   192 |    90 ||   370
         Headbutt          |     7 |    24 |    22 ||    53
 Invoke: Heroism           |       |       |     2 ||     2
    Use: Scroll            |       |       |     4 ||     4
         Potion            |       |       |     4 ||     4
 Armour: Scale mail        |    40 |     2 |       ||    42
         Chain mail        |       |   107 |    55 ||   162
  Dodge: Dodged            |    41 |    79 |    34 ||   154
  Block: Buckler           |    27 |    47 |    27 ||   101
